 Dungeon Crawl Stone Soup version 0.30.1-3-gfc49f6343a (webtiles) character file.

Game seed: 15922019975848087977

166 Kranky the Poker (level 5, -7/41 HPs)
             Began as a Formicid Gladiator on July 26, 2023.
             Splashed by a jelly's acid (10 damage)
             ... on level 4 of the Dungeon.
             The game lasted 00:03:12 (2885 turns).

Kranky the Poker (Formicid Gladiator)               Turns: 2885, Time: 00:03:13

Health: -7/41      AC: -2    Str: 20    XL:     5   Next: 76%
Magic:  5/5        EV: 11    Int:  8    God:
Gold:   168        SH:  0    Dex: 15    Spells: 4/4 levels left

rFire   . . .        a - +0 trident
rCold   . . .        (no shield)
rNeg    . . .        o - +0 scale mail
rPois   .            (helmet unavailable)
rElec   .            l - scarf {repulsion}
rCorr   .            (no gloves)
SInv    +            (no boots)
Will    .....        (no amulet) Stlth
                     (no ring)
HPRegen 0.26/turn    (no ring)
MPRegen 0.09/turn

%: repel missiles
@: corroded
A: permanent stasis, dig shafts and tunnels, antennae 3, four strong arms
a: Dig, Shaft Self


You were on level 4 of the Dungeon.
You visited 1 branch of the dungeon, and saw 4 of its levels.

You collected 168 gold pieces.

Inventory:

Hand Weapons
 a - a +0 trident (weapon)
Missiles
 c - 3 throwing nets (quivered)
 d - a javelin
Armour
 b - a +0 leather armour
 f - a +0 ring mail
 l - a scarf of repulsion (worn)
 o - a +0 scale mail (worn)
Jewellery
 p - a ring of fire
Wands
 q - a wand of polymorph (8)
Scrolls
 h - 6 scrolls of identify {unknown}
 k - 3 scrolls of teleportation {unknown}
 m - 2 scrolls of magic mapping {unknown}
Potions
 e - 3 potions of haste {unknown}
 g - 2 potions of heal wounds {unknown}
 i - a potion of mutation {unknown}
 j - a potion of brilliance {unknown}
 n - a potion of might {unknown}
 r - 2 potions of curing {unknown}


   Skills:
 + Level 3.5 Fighting
 + Level 3.9 Polearms
 + Level 3.1 Throwing
 + Level 3.6 Dodging


You had 4 spell levels left.
You didn't know any spells.
Your spell library contained the following spells:

 Spells                   Type           Power      Damage    Failure   Level
 Shock                    Conj/Air       0%         1d3       78%         1
 Airstrike                Air            0%         2d(0-16)  100%        4
 Swiftness                Air            Unusable   N/A       N/A         3

Dungeon Overview and Level Annotations

Branches:
Dungeon (4/15)
 Temple: D:4-7

Altars:
Gozag
Qazlal
Sif Muna


Innate Abilities, Weirdness & Mutations

You cannot be hasted, slowed, berserked, paralysed or teleported.
You can dig through walls and to a lower floor.
You have a pair of large antennae on your head. (SInv)
Your four strong arms can wield two-handed weapons with a shield.


Message History

The jelly quivers.
You reach to attack!
You hit the jelly.
The jelly is lightly wounded.
A jelly is nearby!
You puncture the jelly!
Your hands burn!
The jelly is moderately wounded.
The jelly completely misses you.
A jelly is nearby!
You puncture the jelly!
Your hands burn!
The jelly is heavily wounded.
The jelly barely misses you.
A jelly is nearby!
You hit the jelly. The acid corrodes you!
Your hands burn!
The jelly is heavily wounded.
The jelly hits you but does no damage.
A jelly is nearby!
You puncture the jelly!
Your hands burn!
The jelly is severely wounded.
The jelly misses you. The jelly hits you but does no damage.
A jelly is nearby!
You hit the jelly but do no damage.
Your hands burn!
The jelly is severely wounded.
The jelly hits you but does no damage.
You hit the jelly. The acid corrodes you!
Your hands burn!
The jelly is almost dead.
The jelly hits you.
You are splashed with acid!
* * * LOW HITPOINT WARNING * * *
A jelly is nearby!
You are too injured to fight recklessly!
A jelly is nearby!
You are too injured to fight recklessly!
A jelly is nearby!
You are too injured to fight recklessly!
You hit the jelly but do no damage.
Your hands burn!
* * * LOW HITPOINT WARNING * * *
The jelly is almost dead.
The jelly hits you.
* * * LOW HITPOINT WARNING * * *
You are splashed with acid!
You die...

##.#.#.#####.#####...#
#................#...#
#'##+##+######.#.#...##
.. #..#.....#
####.#.#.#..#
....###.#..###
#.####......... {
##.#.....#..###.
#@....#.##..#
_.....J)##..#.# .#
...#..####..#.# .# #..
#..#.# . #. #..#.# .#
.# #....# .. ..#..# ..
#....#


You could see a jelly.

Vanquished Creatures
  A scorpion (D:4)
  3 adders
  4 dart slugs
  4 bats
  7 endoplasms
  2 giant cockroaches
  4 goblins
  6 hobgoblins
  7 jackals
  4 quokkas
  9 ball pythons
  5 frilled lizards (D:2)
  8 kobolds
  5 rats
69 creatures vanquished.

Notes
Turn   | Place    | Note
-------+----------+-------------------------------------------
     0 | D:1      | Kranky the Formicid Gladiator began the quest for the Orb.
     0 | D:1      | Reached XP level 1. HP: 16/16 MP: 1/1
    62 | D:1      | Reached XP level 2. HP: 16/23 MP: 2/2
   483 | D:1      | Reached XP level 3. HP: 18/28 MP: 3/3
  1275 | D:2      | Reached XP level 4. HP: 33/34 MP: 4/4
  2075 | D:3      | Found an opulent altar of Gozag.
  2321 | D:3      | Found a stormy altar of Qazlal.
  2556 | D:4      | Noticed a scorpion
  2564 | D:4      | Killed a scorpion
  2565 | D:4      | Reached XP level 5. HP: 8/41 MP: 5/5
  2877 | D:4      | Found a shimmering blue altar of Sif Muna.
  2885 | D:4      | Splashed by a jelly's acid

Illustrated notes

Levels and vault maps discovered:
D:1:      noname_arrival_rooms_in_the_neighbourhood, layout_loops_cross,
          grunt_decor_one_mirror, minmay_hexomino_u4
D:2:      layout_basic
D:3:      layout_basic, mainiacjoe_overflow_concentric_impassable,
          mainiacjoe_overflow_surrounded_room
D:4:      layout_loops_ring, nicolae_uskayaw_murder_on_the_dancefloor,
          mainiacjoe_overflow_24_doors, nicolae_vehumet_altar_sigil,
          grunt_ministairs_4

Skill      XL: |  1  2  3  4 |
---------------+-------------+-----
Dodging        | 3 |  3.6
Fighting       | 3 |  3.5
Throwing       | 3 |  3.1
Polearms       | |  3.9

Action                     |  1- 3 |  4- 6 || total
---------------------------+-------+-------++-------
  Melee: Trident           |    91 |   156 ||   247
         Punch             |       |     3 ||     3
 Armour: Ring mail         |    19 |       ||    19
         Scale mail        |       |    73 ||    73
  Dodge: Dodged            |    42 |    86 ||   128
         Repelled          |     1 |       ||     1
